 Dungeon Crawl Stone Soup version 0.30.0-13-g156ef70053 (webtiles) character file.

Game seed: 1444213248864328964

32 NinjaNoafa the Slasher (level 3, -1/33 HPs)
             Began as a Meteoran Monk on May 17, 2023.
             Slain by a sleepcap (5 damage)
             ... on level 2 of the Dungeon.
             The game lasted 00:01:53 (543 turns).

NinjaNoafa the Slasher (Meteoran Monk)               Turns: 543, Time: 00:01:53

Health: -1/33      AC:  5    Str: 13    XL:     3   Next: 67%
Magic:  4/4        EV: 14    Int: 11    God:
Gold:   63         SH:  0    Dex: 18    Spells: 2/2 levels left

rFire   . . .        a - +0 falchion
rCold   + . .        d - orb {light}
rNeg    . . .        b - +0 robe
rPois   .            h - +0 helmet
rElec   .            g - +0 cloak
rCorr   .            (no gloves)
SInv    .            k - +0 pair of boots
Will    .....        (no amulet)
Stlth   +            l - ring of protection from cold
HPRegen 0.25/turn    (no ring)
MPRegen 0.09/turn

%: no passive effects
@: glowing
A: sense surroundings 1, otherworldly, glowing, explore regen
a: no special abilities


You were on level 2 of the Dungeon.
You visited 1 branch of the dungeon, and saw 2 of its levels.

You collected 87 gold pieces.
You spent 24 gold pieces at shops.

Inventory:

Hand Weapons
 a - a +0 falchion (weapon)
Missiles
 i - 6 silver boomerangs (quivered)
Armour
 b - a +0 robe (worn)
 d - an orb of light (worn)
 g - a +0 cloak (worn)
 h - a +0 helmet (worn)
 k - a +0 pair of boots (worn)
Jewellery
 l - a ring of protection from cold (left hand)
Scrolls
 e - a scroll of identify
 f - a scroll of teleportation
 j - 2 scrolls of fear
Potions
 c - a potion of ambrosia
 m - a potion of flight {unknown}


   Skills:
 - Level 4.0 Fighting
 + Level 4.3 Long Blades
 - Level 4.0 Dodging


You had 2 spell levels left.
You didn't know any spells.
Your spell library was empty.

Dungeon Overview and Level Annotations

Branches:
Dungeon (2/15) Zot: 650

Altars:

Shops:
D:1 *


Innate Abilities, Weirdness & Mutations

You passively map a small area around you.
You are easily found by Zot.
You glow in the dark.
You regain HP and MP as you explore.


Message History

Found a stone staircase leading up.
A sleepcap comes into view.
The sleepcap barely misses you.
You slash the sleepcap!
The sleepcap is moderately damaged.
The sleepcap barely misses you.
You hit the sleepcap.
The sleepcap is heavily damaged.
The sleepcap releases spores at you.
You are engulfed in a cloud of soporific spores!
You fall asleep.
The sleepcap releases spores at you!
You wake up.
You are engulfed in a cloud of soporific spores!
You are unaffected.
You hit the sleepcap but do no damage.
The sleepcap is heavily damaged.
The sleepcap barely misses you.
Unknown command.
Unknown command.
Unknown command.
You hit the sleepcap.
The sleepcap is heavily damaged.
The sleepcap releases spores at you.
You slash the sleepcap!
The sleepcap is almost destroyed.
The sleepcap releases spores at you!
* * * LOW HITPOINT WARNING * * *
You are engulfed in a cloud of soporific spores!
You fall asleep.
The sleepcap barely misses you. The sleepcap releases spores at you!
You wake up.
* * * LOW HITPOINT WARNING * * *
You hit the sleepcap but do no damage.
The sleepcap is almost destroyed.
The sleepcap barely misses you. The sleepcap attacks as you move away!
The sleepcap misses you. The sleepcap attacks as you move away!
The sleepcap releases spores at you but does no damage.
The sleepcap attacks as you move away! The sleepcap releases spores at you.
You die...

#.............,
#.............
, ,
#.............
,
#.............
#.............
#...†.......#.
, ,
#..<.......#..
, ,,
#.............
#>....@....###
#####.f...## *
#.....###*,,
#.#.### ,*
#.#.# ###.# .
#.##...... ,
*#. #....# , *
. #.#....#
#........#....


You could see a sleepcap.

Vanquished Creatures
  2 dart slugs
  6 bats (D:1)
  2 endoplasms (D:1)
  2 giant cockroaches (D:1)
  5 hobgoblins (D:1)
  2 jackals (D:1)
  A quokka (D:2)
  3 kobolds (D:1)
  2 rats (D:1)
25 creatures vanquished.

Notes
Turn   | Place    | Note
-------+----------+-------------------------------------------
     0 | D:1      | NinjaNoafa the Meteoran Monk began the quest for the Orb.
     0 | D:1      | Reached XP level 1. HP: 19/19 MP: 2/2
   117 | D:1      | Reached XP level 2. HP: 15/26 MP: 3/3
   183 | D:1      | Found Jootac's General Store.
   191 | D:1      | Bought a scroll of identify for 24 gold pieces
   237 | D:1      | Reached XP level 3. HP: 33/33 MP: 4/4
   494 | D:1      | Glimpsed the power of Zot.
   543 | D:2      | Slain by a sleepcap

Illustrated notes

Levels and vault maps discovered:
D:1:      lightli_arrival_maybe_door_vault, layout_rooms, serial_shops, shop,
          nicolae_shop_back_alley_shop
D:2:      layout_rooms, serial_aquarium, aquarium_bridge_straight
          [aquarium_subvault_bridge, aquarium_subvault_window,
          aquarium_subvault_bridge, aquarium_subvault_wall],
          aquarium_window_corner, aquarium_window_fake, aquarium_view_2e,
          aquarium_balcony_3b, aquarium_pool_double, basic_altar,
          kennysheep_crisscross

Skill      XL: |  1  2  3 |
---------------+----------+-----
Long Blades    | 4 |  4.3
Dodging        | 4 |  4.0
Fighting       | 4 |  4.0

Action                     || total
---------------------------++-------
  Melee: Falchion          ||    70
    Use: Scroll            ||     2
 Armour: Robe              ||    27
  Dodge: Dodged            ||    51
